 Dungeon Crawl Stone Soup version 0.21-a0-582-g1b93aee (webtiles) character file.

131 vishdafish the Poker (level 4, 0/33 HPs)
             Began as a Demonspawn Skald on Dec 19, 2017.
             Killed by divine providence
             ... invoked by an orc priest
              (15 damage)
             ... on level 3 of the Dungeon.
             The game lasted 00:03:01 (2373 turns).

vishdafish the Poker (Demonspawn Skald)             Turns: 2373, Time: 00:03:02

Health: 0/33       AC:  2    Str: 11    XL:     4   Next: 91%
Magic:  1/7        EV: 15    Int: 15    God:
Gold:   24         SH:  0    Dex: 13    Spells: 6/7 levels left

rFire    . . .     SeeInvis .   a - +0 spear
rCold    . . .     Gourm    .   (no shield)
rNeg     . . .     Faith    .   o - +0 robe
rPois    .         Spirit   .   (helmet restricted)
rElec    .         Reflect  .   (no cloak)
rCorr    .         Harm     .   (no gloves)
MR       .....                  (no boots)
Stlth    +.........             (no amulet)
HPRegen  0.11/turn              p - ring of flight
MPRegen  0.10/turn              (no ring)

@: no status effects
A: antennae 1, repulsion field 1, powered by death 1
a: Evoke Flight


You were on level 3 of the Dungeon.
You were hungry.

You visited 1 branch of the dungeon, and saw 3 of its levels.

You collected 24 gold pieces.

Inventory:

Hand Weapons
 a - a +0 spear (weapon)
Armour
 b - a +0 leather armour
 l - a +0 helmet
 o - a +0 robe (worn)
Jewellery
 p - a ring of flight (left hand)
Scrolls
 f - 4 scrolls of amnesia {unknown}
 g - 2 scrolls of fog {unknown}
 h - a scroll of blinking {unknown}
 i - 2 scrolls of immolation {unknown}
 j - 6 scrolls of identify {unknown}
 n - 3 scrolls of random uselessness {unknown}
Potions
 k - a potion of magic {unknown}
 m - 3 potions of curing
Books
 c - a book of Battle

   Spells                             Type                      Level
   a - Infusion                       Charms                       1
   b - Shroud of Golubria             Charms/Translocation         2
   c - Song of Slaying                Charms                       2
   d - Spectral Weapon                Hexes/Charms                 3
   e - Regeneration                   Charms/Necromancy            3
 q - a book of Cantrips

   Spells                             Type                      Level
   a - Confusing Touch                Hexes                        1
   b - Animate Skeleton               Necromancy                   1
   c - Summon Small Mammal            Summoning                    1
   d - Apportation                    Translocation                1
Comestibles
 d - 5 rations


   Skills:
 - Level 2.0 Fighting
 * Level 3.3 Polearms
 - Level 1.6 Armour
 + Level 2.6 Dodging
 + Level 2.3 Spellcasting
 - Level 3.1 Charms


You had 6 spell levels left.
You knew the following spells:

 Your Spells              Type           Power        Failure   Level  Hunger
a - Infusion              Chrm           ##..         6%          1    #......


Dungeon Overview and Level Annotations

Branches:
Dungeon (3/15)

Altars:


Innate Abilities, Weirdness & Mutations

You have a pair of small antennae on your head.
You are surrounded by a mild repulsion field. (EV +2)
You regenerate a little health from kills.


Message History

The orc priest is almost dead.
The orc priest invokes the aid of Beogh against you.
You barely resist. The rat misses you.
You completely miss the orc priest.
The orc priest is almost dead.
The orc priest miscasts a cantrip.
The rat closely misses you.
You barely miss the orc priest.
The orc priest is almost dead.
You are no longer magically infusing your attacks.
The orc priest casts a cantrip, but nothing happens.
The rat bites you but does no damage.
You barely miss the orc priest.
The orc priest is almost dead.
The orc priest misses you. The rat bites you.
You closely miss the orc priest.
The orc priest is almost dead.
The orc priest invokes the aid of Beogh against you.
Beogh smites you!
You die...

.## ... ...## #.#
.....##.##
....#.. ......
#..o# #ro#####
#.@....# ####
#.[.##.... #<.##
##..## .
#...####...#####
##.)............
####.÷.........##
#........†...>...
#........)....#.#
#.....[....##....


You could see an orc priest, an orc and a rat.

Vanquished Creatures
  2 orc wizards (D:3)
  2 adders (D:2)
  An ooze (D:1)
  A dart slug (D:1)
  An orc (D:3)
  8 bats
  4 giant cockroaches
  5 goblins (D:1)
  5 hobgoblins
  6 jackals
  7 kobolds
  A ball python (D:3)
  A frilled lizard (D:2)
  9 rats
53 creatures vanquished.

Notes
Turn   | Place    | Note
-------+----------+-------------------------------------------
     0 | D:1      | vishdafish the Demonspawn Skald began the quest for the Orb.
     0 | D:1      | Reached XP level 1. HP: 16/16 MP: 3/3
    58 | D:1      | Reached skill level 1 in Armour
    67 | D:1      | Gained mutation: You regenerate a little health from kills. [demonic ancestry]
    67 | D:1      | Reached XP level 2. HP: 19/22 MP: 5/5
   533 | D:1      | Gained mutation: You are surrounded by a mild repulsion field. (EV +2) [demonic ancestry]
   533 | D:1      | Reached XP level 3. HP: 27/27 MP: 6/6
  1121 | D:2      | Found a faded altar of an unknown god.
  1812 | D:3      | Gained mutation: You have a pair of small antennae on your head. [demonic ancestry]
  1812 | D:3      | Reached XP level 4. HP: 31/33 MP: 7/7
  2373 | D:3      | Killed from afar by an orc priest

Vault maps used:
D:1:      sevenhm_arrival_forest_fort_large_1
D:2:      chequers_ecumenical_altar_lobes, first_ration,
          small_statue_intersection, hangedman_decor_push

Skill      XL: |  1  2  3  4 |
---------------+-------------+-----
Armour         | 1 |  1.6
Polearms       | 2 3 |  3.3
Dodging        | 2 |  2.6
Charms         | 3 |  3.1
Fighting       | |  2.0
Spellcasting   | |  2.3

Action                   |  1- 3 |  4- 6 || total
-------------------------+-------+-------++-------
Melee: Spear             |   177 |    68 ||   245
 Cast: Infusion          |     1 |     2 ||     3
  Use: Potion            |       |     2 ||     2
 Stab: Sleeping          |     4 |       ||     4
  Eat: Ration            |     1 |       ||     1
       Chunk             |     1 |       ||     1
Armor: Leather armour    |    28 |       ||    28
       Robe              |     9 |    10 ||    19
Dodge: Dodged            |    99 |    83 ||   182

Table legend:
 A = Spawn XP
 B = Non-spawn XP
 C = Spawn XP percentage of total XP
 D = Spawn monster count
 E = Non-spawn monster count
 F = Spawn count percentage of total count
 G = Total turns spent on level
                    A         B        C        D         E        F      G
               +---------+---------+-------+---------+---------+-------+---------
         Total |       0 |     188 |   0.0 |       0 |      53 |   0.0 |  2373
               +---------+---------+-------+---------+---------+-------+---------
           D:1 |       0 |      58 |   0.0 |       0 |      33 |   0.0 |   988
           D:2 |       0 |      43 |   0.0 |       0 |      12 |   0.0 |  1203
           D:3 |       0 |      87 |   0.0 |       0 |       8 |   0.0 |   182
               +---------+---------+-------+---------+---------+-------+---------
